montu, chaotic male human Wizard --------------- |..............############@u |.....<.......|) --------|------# ##########) # # montu the Thaumaturge Experience level: 7 Strength: 13 Dexterity: 12 Constitution: 16 Intelligence: 18 Wisdom: 16 Charisma: 10 Health: 0(75) Energy: 42(87) Def: 9 Gold: 0 Moves: 8067 Dungeon seed: _8fNBl92wtxZsZzm Game ID: montu_1705344363 Your Inventory: Armor r - an uncursed +1 studded leather armor (being worn) y - a blessed +1 pair of gauntlets of dexterity (being worn) P - an uncursed +1 cloak of magic resistance (being worn) T - a cursed +0 helmet (being worn) Comestibles H - an uncursed lizard corpse Rings l - an uncursed ring of see invisible (on right hand) v - an uncursed ring of teleport control (on left hand) w - an uncursed ring of polymorph control N - an uncursed ring of conflict Wands L - an uncursed wand of striking (0:8) Tools b - an uncursed bag of holding h - an uncursed blindfold k - an uncursed lock pick u - an uncursed +0 unicorn horn Contents of the bag of holding: 8974 gold pieces an uncursed +0 morning star of mercy a blessed +1 quarterstaff an uncursed +0 cloak of magic resistance an uncursed +0 cloak of magic resistance a cursed rusty -1 helm of opposite alignment an uncursed +0 mummy wrapping an uncursed +0 orcish helm of fumbling and shock immunity a cursed -1 orcish helm of stealth and clairvoyance an uncursed apple an uncursed orange 2 blessed scrolls of blank paper 4 uncursed scrolls of blank paper a cursed scroll of blank paper 2 uncursed scrolls of enchant armor a blessed scroll of enchant weapon an uncursed scroll of magic mapping a cursed scroll of magic mapping an uncursed scroll of recall 2 uncursed scrolls of remove curse 2 uncursed scrolls of stinking cloud an uncursed scroll of summoning an uncursed spellbook of force bolt an uncursed spellbook of force bolt a blessed spellbook of magic mapping an uncursed spellbook of magic missile an uncursed spellbook of teleport away a blessed potion of gain ability a cursed potion of gain ability a cursed potion of gain energy a blessed potion of healing an uncursed potion of healing a potion of holy water 2 uncursed potions of object detection a cursed potion of object detection a cursed potion of restore ability an uncursed potion of speed a potion of unholy water 2 uncursed potions of water a blessed wand of make invisible (0:2) an uncursed wand of secret door detection (0:11) an uncursed blindfold an uncursed expensive camera (0:89) an uncursed leash an uncursed leash an uncursed leash an uncursed magic marker (0:51) an uncursed mirror an uncursed stethoscope an uncursed wax candle (0:400) an uncursed flint stone 2 uncursed fluorite stones Spells and supernatural/magical abilities: Name Level Category Cost Memory a - force bolt 1 attack 5pw 87% h - healing 1 healing 12pw 87% l - light 1 divination 8pw 94% m - magic missile 2 attack 10pw 87% n - detect monsters 1 divination 8pw 90% w - wizard lock 2 matter 25pw 97% I - identify 2 divination 16pw 91% O - summoning 2 clerical 25pw 87% W - pray for help -- divine ? -- Your skills at the end: Fighting Skills wands [Basic] Weapon Skills quarterstaff [Basic] Spellcasting Skills attack spells [Expert] divination spells [Basic] enchantment spells [Basic] Final Attributes: You were piously aligned. You were fire resistant. You were magic resistant. You saw invisible. You were invisible. You could teleport. You had teleport control. You angered your god 4721 turns ago. Anhur was noncommittal. You are dead. Vanquished creatures: a large mimic a chameleon a winter wolf cub 16 leprechauns an iron piercer a gnome king an owlbear 3 lizards 2 jaguars a dwarf lord a gray unicorn a raven a gnome mummy 2 apes a fire ant 9 bugbears a wood nymph a water nymph a mountain nymph 2 rock moles 2 fog clouds a yellow light a violet fungus 6 gnome lords 2 kobold mummies 3 gray oozes a barrow wight a straw golem a paper golem 8 giant ants a little dog a floating eye a dwarf a kobold shaman a rothe a rabid rat a giant bat 2 dwarf zombies 4 iguanas an acid blob 3 gas spores 2 hobbits 6 manes a large kobold 3 hobgoblins a giant rat 8 cave spiders a gnome a gnome zombie 4 geckos 10 jackals 2 kobolds 6 goblins a sewer rat 11 grid bugs 5 lichens a kobold zombie 6 newts 160 creatures vanquished. Voluntary challenges: You had been an atheist until turn 2096. You used a wielded weapon 56 times, starting on turn 80. You read items or engraved 27 times, starting on turn 1639. You never genocided any monsters. You never polymorphed an object. You never changed form. You used no wishes. You never split a pudding. You wrote Elbereth's name 13 times, starting on turn 3198. You violated your moral code, losing 31 points of alignment, starting on turn 3314. Dungeon overview: The Dungeons of Doom: levels 1 to 9 Level 1 a long staircase Level 2 a general store Level 3 a scroll shop Level 4 a fountain, a sink a long staircase Level 5 a fountain, a vault Level 6 a general store, a fountain Level 7 a throne, a vault Level 8 a vault Level 9 <- You were here History has recorded: On T:1 you entered the Dungeons of Doom to retrieve the Amulet of Yendor! On T:357 you reached level 2 of The Dungeons of Doom. On T:744 you reached level 3 of The Dungeons of Doom. On T:1146 you advanced to experience level 2. On T:1152 you reached level 4 of The Dungeons of Doom. On T:1645 you advanced to experience level 3. On T:1891 you reached level 5 of The Dungeons of Doom. On T:2114 you advanced to experience level 4. On T:2423 you reached level 6 of The Dungeons of Doom. On T:2834 you reached level 7 of The Dungeons of Doom. On T:3258 you advanced to experience level 5. On T:3334 you advanced to experience level 6. On T:4243 you reached level 8 of The Dungeons of Doom. On T:4584 you advanced to experience level 7. On T:7976 you reached level 9 of The Dungeons of Doom. Score breakdown: Gold: 8974 (13446 points) Experience: 7 levels (13645 points) Exploration: 9 levels ( 19.15%) (12510 points) Discoveries: 61 items ( 20.47%) (13573 points) Valuables value: (no points given unless you survive) Artifact value: 0 ( 0 points) Variety of kills: 58 monsters ( 15.26%) (11720 points) Turncount: 8067 turns (-2061 points) Survival: died (score multiplied by 80%) Total score: 50266 Latest messages: You must have been working on your reflexes. [2 turns] The magic missile hits the gray unicorn! The gray unicorn butts! The gray unicorn kicks! The gray unicorn misses. The gray unicorn kicks! The magic missile hits the gray unicorn! The gray unicorn butts! The gray unicorn kicks! The gray unicorn misses. (2x) The magic missile hits the gray unicorn! The gray unicorn butts! The gray unicorn misses. (3x) The gray unicorn butts! The gray unicorn kicks! The gray unicorn butts! The gray unicorn kicks! You die... Final status: Goodbye montu the Wizard, killed by a gray unicorn... You died in The Dungeons of Doom on dungeon level 9 with 50266 points, and 8974 pieces of gold, after 8067 moves. You were level 7 with a maximum of 75 hit points when you died.